 Dungeon Crawl Stone Soup version 0.18.1-8-gdd0e5ea (webtiles) character file.

167 Krapule the Changer (level 5, -1/51 HPs)
             Began as an Octopode Transmuter on May 30, 2016.
             Slain by junkhipster's ghost (9 damage)
             ... in a sewer.
             The game lasted 00:14:07 (2987 turns).

Krapule the Changer (Octopode Transmuter)           Turns: 2987, Time: 00:14:08

Health: -1/51      AC:  1    Str: 12 (14) XL:     5   Next: 48%
Magic:  8/8        EV: 12    Int: 15 (17) God:
Gold:   202        SH:  0    Dex: 11 (12) Spells: 2 memorised, 6 levels left

rFire  . . .     SeeInvis .       - Unarmed
rCold  . . .     Gourm    .     (no shield)
rNeg   . . .     Faith    .     (helmet restricted)
rPois  .         Spirit   .     (no amulet)
rElec  .         Dismiss  .     (no ring)
rCorr  .         Reflect  .     (no ring)
SustAt .         Harm     .     (no ring)
MR     .....                    (no ring)
Stlth  ..........               (no ring)
                                (no ring)
                                (no ring)
                                (no ring)

@: berserking (expiring), very slightly contaminated, hasted, heavily drained,
very quick, not resistant to hostile enchantments, extremely unstealthy
A: almost no armour, amphibious, 8 rings, constrict 8, camouflage 1, gelatinous
body 1
a: no special abilities


You were in a sewer.
You were hungry.

You visited 1 branch of the dungeon, and saw 3 of its levels.
You also visited: Sewer.

You collected 202 gold pieces.

Inventory:

Missiles
 a - 17 arrows
 k - 3 javelins
 s - a tomahawk (quivered)
Armour
 r - a +0 shield
Scrolls
 i - 3 scrolls of identify
 p - a scroll of teleportation
 q - a scroll of blinking {unknown}
 t - a scroll of enchant armour {unknown}
Potions
 h - a potion of degeneration
 m - 2 potions of lignification
 n - 3 potions of might
Books
 b - a book of Changes

   Spells                             Type                      Level
   a - Beastly Appendage              Transmutation                1
   b - Sticks to Snakes               Transmutation                2
   c - Spider Form                    Transmutation/Poison         3
   d - Ice Form                       Ice/Transmutation            4
   e - Blade Hands                    Transmutation                5
Comestibles
 c - 2 bread rations
 d - 2 fruits
 f - a royal jelly
 j - a meat ration
 l - a slice of pizza


   Skills:
 + Level 2.0(0.6) Fighting
 + Level 3.0(1.6) Dodging
 + Level 2.0(0.7) Stealth
 + Level 3.3(1.9) Unarmed Combat
 + Level 2.6(1.2) Spellcasting
 * Level 3.5(2.1) Transmutations


You had 6 spell levels left.
You knew the following spells:

 Your Spells              Type           Power        Failure   Level  Hunger
a - Beastly Appendage     Trmt           #.....       12%         1    ##.....
b - Sticks to Snakes      Trmt           #.......     17%         2    ###....


Dungeon Overview and Level Annotations

Branches:
Dungeon (3/15)

Altars:

Annotations:
D:3 junkhipster's ghost, amateur MiGl Sewer junkhipster's ghost, novice HOFi


Innate Abilities, Weirdness & Mutations

You cannot wear most types of armour.
You are amphibious.
You can wear up to eight rings at the same time.
You can use your tentacles to constrict eight enemies at once.
Your skin changes colour to match your surroundings (Stealth).
Your rubbery body absorbs attacks (AC +1).


Message History

Junkhipster's ghost is moderately damaged.
You float gracefully downwards.
You tentacle-slap junkhipster's ghost.
Junkhipster's ghost is moderately damaged.
Junkhipster's ghost hits you.
* * * LOW HITPOINT WARNING * * *
You feel drained.
You tentacle-slap junkhipster's ghost.
Junkhipster's ghost is moderately damaged.
Junkhipster's ghost hits you.
* * * LOW HITPOINT WARNING * * *
You feel drained.
You bludgeon junkhipster's ghost!
You squeeze junkhipster's ghost, but do no damage.
Junkhipster's ghost is moderately damaged.
You tentacle-slap junkhipster's ghost.
You tentacle-slap junkhipster's ghost, but do no damage.
Junkhipster's ghost is heavily damaged.
Junkhipster's ghost hits you!
You die...

∩.≈≈≈≈≈....†W....#
...≈≈≈...#######.#
#...≈...## #.#
##.....## #.#
####### #†# #.#
#.# #W# #@# #.#
#.# ###


You could see junkhipster's ghost.

Vanquished Creatures
  4 gnolls (D:2)
  2 adders
  2 river rats (D:3)
  2 oozes (D:1)
  3 worms
  2 dart slugs (D:1)
  5 giant geckos
  11 bats
  5 giant cockroaches
  5 goblins (D:1)
  5 hobgoblins
  2 jackals (D:1)
  9 kobolds
  2 quokkas (D:2)
  A ball python (D:2)
  4 giant newts
  6 rats
70 creatures vanquished.

Notes
Turn   | Place    | Note
--------------------------------------------------------------
     0 | D:1      | Krapule the Octopode Transmuter began the quest for the Orb.
     0 | D:1      | Reached XP level 1. HP: 13/13 MP: 3/3
   134 | D:1      | Reached XP level 2. HP: 14/18 MP: 5/5
   351 | D:1      | Reached skill level 1 in Stealth
   452 | D:1      | Reached XP level 3. HP: 22/23 MP: 6/6
  1306 | D:2      | Learned a level 2 spell: Sticks to Snakes
  1430 | D:2      | Reached XP level 4. HP: 10/28 MP: 7/7
  1753 | D:2      | Found a faded altar to an unknown god.
  2076 | D:2      | Reached XP level 5. HP: 22/34 MP: 8/8
  2529 | D:3      | Noticed junkhipster's ghost (amateur MiGl)
  2924 | D:3      | Found a glowing drain.
  2928 | Sewer    | Entered a sewer
  2928 | Sewer    | Noticed junkhipster's ghost (novice HOFi)
  2987 | Sewer    | Slain by junkhipster's ghost

Skill      XL: |  1  2  3  4  5 |
---------------+----------------+-----
Stealth        | 1 2 |  2.0
Transmutations | 3 |  3.5
Dodging        | 3 |  3.0
Fighting       | 2 |  2.0
Unarmed Combat | |  3.3
Spellcasting   | |  2.6

Action                   |  1- 3 |  4- 6 || total
-------------------------+-------+-------++-------
Melee: Unarmed           |    68 |    97 ||   165
       Tentacles         |    15 |    16 ||    31
       Constrict         |    23 |    20 ||    43
       Punch             |     1 |     1 ||     2
       Kick              |       |     4 ||     4
Throw: Javelin           |     4 |     4 ||     8
       Tomahawk          |     4 |     3 ||     7
 Cast: Beastly Appendage |     1 |     2 ||     3
       Sticks to Snakes  |     1 |     1 ||     2
  Use: Scroll            |     5 |     3 ||     8
       Potion            |       |     5 ||     5
 Stab: Sleeping          |     4 |     6 ||    10
  Eat: Chunk             |     2 |     4 ||     6
Armor: Skin              |     9 |    27 ||    36
Dodge: Dodged            |    29 |    75 ||   104
